AoeStats
← Will.I.Am

Arena

504581183Analyzed
4v4 RM · 26d ago on Sep 5, 2026· 67m 45s· 8 players
Game mode
Random Map
Map size
Large (8 player)
Population
200
Speed
Normal
Resources
Standard
Victory
Conquest
Starting age
Dark Age
Ending age
Imperial Age
RankedLock teamsTeams togetherTeam positionsShared explorationLock speedFull tech treeHidden civsTurbo modeCheats
Victory
Defeat
🇩🇪 Turks · Germany
1025
+17
🇬🇧 Spanish · United Kingdom
1022
+17
🇩🇪 Bohemians · Germany
1008
+17
🇱🇹 Slavs · Lithuania
954
+19
🇦🇺 Berbers · Australia
1080
-19
🇨🇦 Hindustanis · Canada
1058
-18
🇵🇷 Persians · Puerto Rico
1017
-17
🇨🇴 Muisca · Colombia
1007
-16
PezMaza
11:00 Feudal Age
15:25 Castle Age
14:53 Wheelbarrow
14:04 Loom
14:41 Double-Bit Axe
17:04 Town Watch
17:48 Forging
17:38 Scale Mail Armor
18:59 Pikeman
20:28 Squires
21:01 Arson
21:41 Fervor
21:52 Sanctity
21:45 Treadmill Crane
27:03 Hand Cart
28:58 Wagenburg Tactics
34:02 Imperial Age
33:28 Chain Mail Armor
33:55 Fletching
36:35 Bodkin Arrow
36:41 Padded Archer Armor
36:57 Murder Holes
37:23 Ballistics
37:45 Bracer
39:07 Iron Casting
40:36 Leather Archer Armor
40:45 Bow Saw
41:25 Conscription
42:30 Town Patrol
42:47 Fortified Wall
43:32 Elite Skirmisher
46:05 Halberdier
48:24 Plate Mail Armor
48:55 Blast Furnace
56:06 Horse Collar
59:26 Heavy Plow
66:28 Ring Archer Armor
66:04 Scale Barding Armor
67:45 Chemistry
66:51 Siege Engineers
66:57 Masonry
Sophia
0:28 Loom
12:01 Feudal Age
12:31 Double-Bit Axe
12:33 Horse Collar
16:55 Gold Mining
20:08 Stone Mining
22:36 Castle Age
22:04 Fletching
22:27 Forging
23:22 Town Watch
24:01 Bow Saw
23:53 Heavy Plow
25:17 Wheelbarrow
26:38 Pikeman
29:19 Gold Shaft Mining
29:14 Hand Cart
30:08 Iron Casting
33:27 Imperial Age
31:32 Squires
31:35 Scale Mail Armor
31:30 Bodkin Arrow
31:41 Scale Barding Armor
33:30 Husbandry
33:40 Bloodlines
33:33 Murder Holes
33:59 Ballistics
34:34 Conscription
34:15 Detinets
33:43 Halberdier
37:43 Chemistry
36:55 Masonry
37:10 Chain Barding Armor
37:05 Chain Mail Armor
37:51 Blast Furnace
37:31 Crop Rotation
38:12 Two-Man Saw
38:38 Plate Barding Armor
38:18 Fortified Wall
38:59 Onager
40:24 Siege Onager
41:41 Town Patrol
43:05 Siege Engineers
43:35 Plate Mail Armor
44:43 Heavy Scorpion
45:10 Elite Boyar
48:27 Light Cavalry
52:45 Hoardings
53:53 Herbal Medicine
54:45 Druzhina
63:00 Padded Archer Armor
TAdama_Actual
2:26 Loom
11:11 Feudal Age
17:23 Castle Age
17:25 Bloodlines
19:27 Scale Barding Armor
20:52 Husbandry
25:42 Chain Barding Armor
26:01 Fervor
31:16 Forging
31:49 Light Cavalry
33:31 Redemption
36:08 Iron Casting
35:15 Horse Collar
35:22 Double-Bit Axe
35:39 Town Watch
41:03 Bow Saw
40:55 Heavy Plow
43:40 Atonement
44:01 Sanctity
44:58 Herbal Medicine
45:04 Devotion
51:00 Imperial Age
49:06 Wheelbarrow
48:37 Stone Mining
48:37 Gold Mining
51:27 Cavalier
52:46 Plate Barding Armor
53:11 Blast Furnace
55:53 Conscription
55:10 Paladin
58:13 Scale Mail Armor
58:14 Padded Archer Armor
58:05 Fletching
58:23 Thumb Ring
63:34 Bodkin Arrow
63:54 Leather Archer Armor
63:55 Chain Mail Armor
67:46 Chemistry
67:17 Bracer
67:17 Murder Holes
68:13 Caravan
Kailer
11:39 Feudal Age
16:00 Castle Age
20:38 Imperial Age
22:25 Padded Archer Armor
25:29 Leather Archer Armor
28:00 Horse Collar
29:01 Ring Archer Armor
31:43 Gold Mining
34:06 Wheelbarrow
33:34 Heavy Plow
33:23 Double-Bit Axe
34:16 Ballistics
36:38 Hand Cart
36:10 Loom
43:51 Scale Barding Armor
43:57 Forging
44:38 Town Watch
45:38 Chain Barding Armor
46:02 Gold Shaft Mining
45:18 Stone Mining
46:42 Town Patrol
46:57 Bloodlines
46:47 Husbandry
47:35 Bow Saw
48:13 Iron Casting
48:28 Plate Barding Armor
54:38 Conscription
57:04 Sipahi
56:47 Artillery
57:24 Hoardings
unclesam613
10:49 Feudal Age
14:45 Castle Age
13:42 Double-Bit Axe
13:38 Horse Collar
15:54 Heavy Plow
16:31 Bow Saw
22:09 Wheelbarrow
22:04 Gold Mining
22:34 Stone Mining
24:31 Hand Cart
24:02 Town Watch
25:53 Gold Shaft Mining
27:24 Loom
31:02 Imperial Age
29:24 Thumb Ring
29:18 Murder Holes
29:35 Fletching
29:46 Padded Archer Armor
32:48 Chemistry
32:52 Two-Man Saw
32:07 Bodkin Arrow
32:27 Leather Archer Armor
34:39 Ballistics
34:51 Ring Archer Armor
34:22 Bracer
33:45 Elite Genitour
35:07 Conscription
41:18 Shatagni
41:27 Siege Engineers
44:54 Pikeman
45:34 Squires
46:32 Fortified Wall
46:33 Masonry
46:37 Scale Barding Armor
54:39 Light Cavalry
55:29 Bloodlines
55:20 Husbandry
56:17 Hussar
yamir0000
1:40 Loom
9:34 Loom
12:04 Feudal Age
12:59 Double-Bit Axe
15:31 Wheelbarrow
20:29 Castle Age
18:36 Horse Collar
21:09 Scale Barding Armor
21:15 Forging
21:46 Bow Saw
22:49 Husbandry
23:01 Bloodlines
24:50 Chain Barding Armor
24:43 Heavy Plow
29:06 Kamandaran
30:41 Ballistics
30:18 Fletching
30:29 Padded Archer Armor
31:05 Iron Casting
31:19 Crossbowman
31:38 Light Cavalry
32:26 Thumb Ring
33:47 Bodkin Arrow
34:15 Leather Archer Armor
34:53 Devotion
39:47 Imperial Age
37:35 Hand Cart
41:03 Conscription
40:55 Citadels
41:47 Plate Barding Armor
42:14 Blast Furnace
41:45 Ring Archer Armor
42:23 Chemistry
43:54 Elite War Elephant
45:20 Faith
46:33 Crop Rotation
53:02 Caravan
63:18 Hussar
Will.I.Am
10:19 Loom
12:05 Feudal Age
17:16 Castle Age
15:16 Double-Bit Axe
15:12 Horse Collar
15:24 Gold Mining
19:25 Bow Saw
19:16 Heavy Plow
19:52 Gold Shaft Mining
24:10 Forging
25:03 Pikeman
25:44 Squires
27:45 Iron Casting
27:11 Scale Mail Armor
27:42 Fletching
27:24 Elite Skirmisher
30:33 Padded Archer Armor
30:29 Bodkin Arrow
31:14 Ballistics
33:19 Leather Archer Armor
36:04 Imperial Age
34:09 Wheelbarrow
33:21 Town Watch
33:53 Chain Mail Armor
35:05 Treadmill Crane
35:21 Murder Holes
35:36 Masonry
37:15 Ring Archer Armor
36:46 Bracer
37:48 Blast Furnace
37:18 Town Patrol
37:34 Hand Cart
37:27 Scale Barding Armor
40:41 Chemistry
43:32 Conscription
50:44 Husbandry
50:56 Bloodlines
50:56 Light Cavalry
51:58 Hussar
53:37 Chain Barding Armor
53:47 Plate Mail Armor
54:28 Maghrebi Camels
54:32 Kasbah
55:08 Hoardings
56:12 Heavy Camel Rider
56:14 Cavalier
LeonSuarez
11:54 Feudal Age
15:42 Castle Age
15:12 Champi Runner
16:13 Forging
17:59 Horse Collar
18:15 Double-Bit Axe
18:50 Horse Collar
20:52 Scale Mail Armor
22:31 Wheelbarrow
22:49 Heavy Plow
23:02 Loom
26:38 Fletching
30:44 Squires
34:14 Bow Saw
35:59 Hand Cart
47:34 Imperial Age
45:18 Gold Mining
50:39 Ballistics
50:22 Padded Archer Armor
51:40 Thumb Ring
52:37 Leather Archer Armor
52:21 Bodkin Arrow
53:24 Crop Rotation
53:56 Two-Man Saw
52:23 Elite Skirmisher
54:04 Gold Shaft Mining
53:23 Town Watch
54:58 Town Patrol
55:33 Pikeman
56:32 Chain Mail Armor
56:54 Iron Casting
58:09 Conscription
61:54 Plate Mail Armor
64:23 Bracer
66:30 Capped Ram
Connection lost

Rejoining the realm…

Still unreachable

The connection could not be restored.

Session expired

The server has moved on; the page needs a fresh start.